 Dungeon Crawl Stone Soup version bcrawl-1.37.1 (webtiles) character file.

Game seed: 2927199296301410383

111260 Morbidden the Sneak (level 3, 20/20 HPs)
             Began as a Skeleton Archaeologist on Oct 23, 2022.
             Quit the game on level 1 of the Dungeon.
             The game lasted 00:01:10 (931 turns).

Morbidden the Sneak (Skeleton Archaeologist)         Turns: 931, Time: 00:01:10

Health: 20/20      AC:  7    Str: 17 (18) XL:     3   Next: 0%
Magic:  4/4        EV: 12    Int: 12      God:
Gold:   111        SH:  0    Dex:  7      Spells: 3/3 levels left

rFire    . . .     GDR:     19% o - -3 hand axe (curse)
rCold    + . .     SeeInvis .   (no shield)
rNeg     + + +     Gourm    .   c - +1 robe
rPois    ∞         Faith    .   d - +1 hat
rElec    .         Spirit   +   (no cloak)
rCorr    .         Reflect  .   (no gloves)
MR       .....                  e - +2 pair of boots
Stlth    ++........             (no amulet)
HPRegen  0.13/turn              (no ring)
MPRegen  0.09/turn              (no ring)

@: no status effects
A: no food or potions, cold resistance 1, deterioration 1, negative energy
resistance 3, torment resistance, unbreathing, magic shield, sturdy frame 1,
spell healing
a: no special abilities


You were on level 1 of the Dungeon.
You were not hungry.

You visited 1 branch of the dungeon, and saw 1 of its levels.

You collected 111 gold pieces.

Inventory:

Hand Weapons
 a - a +1 whip
 b - a +0 blowgun
 o - a cursed -3 hand axe (weapon)
Missiles
 f - 6 curare-tipped needles
 m - 123 poisoned tomahawks (quivered)
Armour
 c - a +1 robe (worn)
 d - a +1 hat (worn)
 e - a +2 pair of boots (worn)
Jewellery
 k - the ring of Duma {*Slow +Fly MR+ SInv, unknown}
   (You found it on level 1 of the Dungeon)

   [ring of flight]

   It affects your resistance to hostile enchantments.
   It lets you see invisible.
   It lets you fly.
   It may slow you when you take damage.
Scrolls
 g - a scroll of magic mapping
 i - 2 scrolls of identify
 j - a scroll of enchant armour
Miscellaneous
 h - a dusty tome


   Skills:
 * Level 1.2 Fighting
 * Level 1.7 Maces & Flails
 * Level 0.7 Armour
 * Level 3.5 Dodging
 + Level 3.9 Stealth
 * Level 0.7 Spellcasting


You had 3 spell levels left.
You didn't know any spells.
Your spell library was empty.

Dungeon Overview and Level Annotations

Branches:
Dungeon (1/12)

Altars:


Innate Abilities, Weirdness & Mutations

You do not eat or drink.
You are immune to poison.
Your flesh is cold resistant. (rC+)
Your body sometimes deteriorates upon taking damage.
You are immune to negative energy. (rN+++)
You are immune to unholy pain and torment.
You can survive without breathing.
When hurt, damage is shared between your health and your magic reserves.
Your movements are slightly less encumbered by armour. (ER -2)
Casting spells heals you.


Message History

o - a cursed -3 hand axe (weapon)
No path to travel!
Drop what? 15/52 slots (_ for help) (? for menu, Esc to quit)
You drop a +0 whip.
You stop training Maces & Flails.
a - a +0 whip You resume training Maces & Flails.
As you read the scroll labeled QAUCUXZ GEAME, it crumbles to dust.
It is a scroll of enchant armour.
Your +1 pair of boots glows green for a moment.
As you read the scroll labeled XEELLIXIRU, it crumbles to dust.
It is a scroll of enchant weapon.
Your +0 whip glows red for a moment.
As you read the scroll labeled XOUSURONTA, it crumbles to dust.
The scroll dissolves into smoke.
It was a scroll of fog.
No path to travel!
Partly explored, can't reach some items.
Partly explored, can't reach some items.
Partly explored, can't reach some items.
Partly explored, can't reach some items.
Are you sure you want to abandon this character and quit the game? (Confirm with "yes".)

###.##..##.#
#....###.#
####%# #.#
#.# #.# #.#
#.# #.# #.#
#.# #§#
#.###§#
#..#@§#
##§§§##
#####


There were no monsters in sight!

Vanquished Creatures
  A dart slug (D:1)
  A giant cockroach (D:1)
  2 goblins (D:1)
  4 hobgoblins (D:1)
  3 jackals (D:1)
  A kobold (D:1)
  2 ball pythons (D:1)
  5 bats (D:1)
  A frilled lizard (D:1)
  3 rats (D:1)
23 creatures vanquished.

Notes
Turn   | Place    | Note
-------+----------+-------------------------------------------
     0 | D:1      | Morbidden the Skeleton Archaeologist began the quest for
                  | the Orb.
     0 | D:1      | Reached XP level 1. HP: 12/12 MP: 1/1
    92 | D:1      | Got a brightly glowing wooden ring
   201 | D:1      | Reached XP level 2. HP: 15/16 MP: 2/2
   923 | D:1      | Reached XP level 3. HP: 20/20 MP: 4/4
   931 | D:1      | Quit the game

Action                   || total
-------------------------++-------
Melee: Whip              ||    99
  Use: Scroll            ||     3
 Stab: Sleeping          ||     5
Armor: Robe              ||    54
Dodge: Dodged            ||    88
